 Dungeon Crawl Stone Soup version 0.30-a0-711-gf4ac18a38d (webtiles) character file.

Game seed: 8569727255464192502

10231 kae the Transmogrifier (level 11, -3/79 (84) HPs)
             Began as a Demonspawn Transmuter on Jan 22, 2023.
             Was a Priest of Ru.
             Slain by a manticore (21 damage)
             ... on level 11 of the Dungeon on Jan 23, 2023.
             The game lasted 00:12:42 (11683 turns).

kae the Transmogrifier (Demonspawn Transmuter)     Turns: 11683, Time: 00:12:42

HP:   -3/79 (84)    AC: 10    Str: 11    XL:     11   Next: 33%
MP:   30/30         EV: 10    Int: 19    God:    Ru [***...]
Gold: 757           SH:  5    Dex: 13    Spells: 14/24 levels left

rFire   x . .      SeeInvis .      - Unarmed
rCold   + + +      Faith    .    (shield currently unavailable)
rNeg    . . .      Spirit   .    (body armour currently unavailable)
rPois   +          Reflect  +    (helmet currently unavailable)
rElec   .          Harm     .    (cloak currently unavailable)
rCorr   .          Rampage  .    (gloves currently unavailable)
Will    .....                    (boots currently unavailable) Stlth
                                 g - amulet of reflection
HPRegen 0.33/turn                W - ring of magical power
MPRegen 0.22/turn                (no ring)

@: exhausted, ice-form, studying Dodging, drained, unable to read
A: freezing attack, amphibious, boosted hp, large, (hooves 2), (slimy green
scales 3), powered by death 2, inability to read after injury 2, no stealth,
inability to train armour
a: End Transformation, Renounce Religion, Draw Out Power


You were on level 11 of the Dungeon.
You worshipped Ru.
Ru was most pleased with you.
You were a creature of crystalline ice.
You visited 2 branches of the dungeon, and saw 12 of its levels.

You collected 757 gold pieces.


Innate Abilities, Weirdness & Mutations

You are a creature of crystalline ice.
You have a powerful freezing melee attack.
You are amphibious.
Your maximum health is increased.
Your armour is entirely melded.
You are incapable of wielding weapons or throwing items.
((You have hoof-like feet.))
((You are completely covered in slimy green scales. (AC +4, rPois)))
You regenerate health from kills.
You sometimes lose the ability to read scrolls when taking damage.
You cannot be stealthy.
You cannot train Armour skill.


   Skills:
 - Level 1.0 Fighting
 - Level 1.7 Dodging
 + Level 7.3 Unarmed Combat
 + Level 7.1 Spellcasting
 * Level 10.0 Transmutations
 * Level 8.9 Ice Magic
 - Level 2.0 Poison Magic


You had 14 spell levels left.
You knew the following spells:

 Your Spells              Type           Power      Damage    Failure   Level
a - Beastly Appendage     Tmut           88%        N/A       1%          1
b - Wereblood             Tmut           44%        N/A       1%          2
c - Spider Form           Tmut/Pois      29%        N/A       2%          3
d - Ice Form              Ice/Tmut       42%        N/A       1%          4

Your spell library contained the following spells:

 Spells                   Type           Power      Damage    Failure   Level
 Ozocubu's Armour         Ice            40%        N/A       1%          3
 Necrotise                Necr           24%        1d5       10%         1
 Dazzling Flash           Conj/Hex       12%        N/A       30%         3
 Vampiric Draining        Necr           6%         2d6       30%         3
 Metabolic Englaciation   Hex/Ice        11%        N/A       41%         5
 Animate Dead             Necr           6%         N/A       69%         4
 Iskenderun's Mystic Bla  Conj/Tloc      6%         2d4       69%         4
 Simulacrum               Ice/Necr       11%        N/A       94%         6
 Agony                    Necr           6%         N/A       95%         5
 Borgnjor's Vile Clutch   Necr/Erth      3%         N/A       95%         5
 Silence                  Hex/Air        3%         N/A       95%         5
 Death Channel            Necr           3%         N/A       100%        6
 Starburst                Conj/Fire      3%         6d3       100%        6

Inventory:

Missiles
 c - 24 poisoned darts
 d - 147 stones
 n - 3 boomerangs
 q - a boomerang of dispersal {=f!f}
 t - 3 silver javelins
 J - a curare-tipped dart {=f}
Armour
 a - a +0 robe (melded)
 k - a +1 cloak (melded)
   (You took it off Crazy Yiuf on level 6 of the Dungeon)
Magical Staves
 r - a staff of air {!a}
   (You found it on level 6 of the Dungeon)
 v - a staff of cold {!a}
   (You found it on level 7 of the Dungeon)
 y - a staff of death {!a}
   (You found it on level 8 of the Dungeon)
Jewellery
 g - an amulet of reflection (around neck)
   (You found it on level 1 of the Dungeon)
 G - an amulet of guardian spirit
   (You found it on level 8 of the Dungeon)
 I - a +6 ring of intelligence
   (You found it on level 8 of the Dungeon)
 L - a ring of flight
   (You found it on level 10 of the Dungeon)
 W - a ring of magical power (left front paw)
   (You found it on level 2 of the Dungeon)
Wands
 l - a wand of polymorph (8)
   (You found it on level 5 of the Dungeon)
 w - a wand of roots (9)
   (You found it on level 7 of the Dungeon)
 M - a wand of paralysis (6)
   (You found it on level 10 of the Dungeon)
Scrolls
 i - 3 scrolls of immolation {!r!r}
 o - 3 scrolls of fog
 u - 5 scrolls of teleportation {@r4}
 z - a scroll of enchant weapon
 A - a scroll of blinking {!r}
 C - a scroll of poison
 H - a scroll of enchant armour
 N - a scroll of identify {@r1}
Potions
 b - 4 potions of lignification {!q}
 e - 4 potions of might
 f - 2 potions of ambrosia
 h - 8 potions of curing {@q1}
 j - 5 potions of brilliance {unknown}
 m - a potion of berserk rage {!q}
 p - a potion of haste {@q3}
 s - a potion of magic
 x - 2 potions of attraction {!q}
 D - a potion of mutation {!q}
 E - a potion of flight {unknown}
 K - 3 potions of degeneration {!q}
Miscellaneous
 B - a piece from Xom's chessboard (15/15)
   (You found it on level 8 of the Dungeon)
 F - a phial of floods
   (You found it on level 11 of the Dungeon)

Dungeon Overview and Level Annotations

Branches:
Dungeon (11/15) Zot: 25886  Temple (1/1) D:6 Zot: 5982    Lair (0/5) D:11
    Orc (0/2) D:11

Altars:
Dithmenos
Fedhas
Hepliaklqana
Kikubaaqudgha
Makhleb
Nemelex Xobeh
Ru
Sif Muna
Trog
Uskayaw
Vehumet
Wu Jian
Xom
Yredelemnul

Shops:
D:3 *

Annotations:
D:3 2 transporters, LowRida's ghost, amateur GnRe
D:4 2 transporters, Zirion's ghost, weakling OgBe

.... .... ....... ##.
....... .# ....... .#
....... .# .......
.####### .......
.......##########H..#
..####..........Y...#
.........##..###....#
.........##.........#
.........##.........#
......................
#######################


You could see a manticore.


Message History

Reactivating autopickup. 😎 MP[+1]
You hit the shadow but do no damage.
The shadow begins to attack, but is stunned by your conviction!
You hit the shadow. The shadow hits you. 😕 HP[-5]
You take 5 damage, and now have 79/84 hp.
You hit the shadow but do no damage. You block the shadow's attack.
Unknown command.
You punch the shadow! The shadow hits you. 😕 HP[+1]
You punch the shadow! You punch the shadow!
You destroy the shadow! 😕 MP[+1] 😕 HP[+1]
You open the door.
Key pressed, stopping explore.
Unknown command. 😎 HP[+3] MP[+2]
Your hp is fully restored (84).
Your mp is fully restored (30).
There is an open door here.
There is an open door here.
Found a stone staircase leading up.
Unknown command.
There is an open door here.
Found an escape hatch in the ceiling.
Unknown command.
There is an open door here.
Your transformation is almost over.
Found a stone staircase leading down.
You warm up again.
Your +1 cloak unmelds from your body.
Your +0 robe unmelds from your body.
i - 3 scrolls of immolation {!r!r} (gained 1)
u - 5 scrolls of teleportation {@r4} (gained 1)
You open the door.
Found a staircase to the Lair. 😎 HP[-14]
You now have 70 max hp (-14).
Unknown command.
You now have 757 gold pieces (gained 20).
A manticore comes into view.
The manticore flicks its tail.
The volley of spikes hits you!!
The barbed spikes become lodged in your body. 😮 HP[-19]
You take 19 damage, and now have 51/70 hp.
MASSIVE DAMAGE!! (PAUSE)
The barbs in your skin will harm you if you move.
Continue?
The barbed spikes dig painfully into your body as you move.
You feel threatened and lose the ability to read scrolls! 😮 HP[-7]
You take 7 damage, and now have 44/70 hp.
Casting: Ice Form (dangerous; 1% risk of failure)
Confirm with . or Enter, or press ? or * to list all spells.
You turn into a creature of crystalline ice.
Your +1 cloak melds into your body.
Your +0 robe melds into your body. 😮 HP[+10] MP[-4]
You now have 84 max hp (+14).
You regained 10 hp, and now have 54/84 hp.
You lost 4 mp, and now have 26/30 mp.
The manticore flicks its tail.
The volley of spikes hits you.
The barbed spikes become lodged in your body. 😮 HP[-3] MP[+1]
You take 3 damage, and now have 51/84 hp.
The barbed spikes dig painfully into your body as you move.
The manticore bites you!!
* * * LOW HITPOINT WARNING * * *
The manticore claws you!
* * * LOW HITPOINT WARNING * * *
The manticore claws you but does no damage. 😱 HP[-32]
You take 32 damage, and now have 19/84 hp.
MASSIVE DAMAGE!! (PAUSE)
Okay, then.
You are restored by drawing out deep reserves of power within.
You feel drained.
The manticore bites you but does no damage.
The manticore claws you but does no damage.
You block the manticore's attack. 😨 HP[+19] MP[+3]
You now have 79 max hp (-5).
You regained 19 hp, and now have 38/79 hp.
Your mp is fully restored (30).
You hit the manticore but do no damage. You block the manticore's attack. x2
The manticore claws you.
* * * LOW HITPOINT WARNING * * *
😨 HP[-6]
You take 6 damage, and now have 32/79 hp.
You punch the manticore! You freeze the manticore. The manticore bites you!
* * * LOW HITPOINT WARNING * * *
You block the manticore's attack. The manticore claws you.
* * * LOW HITPOINT WARNING * * *
😱 HP[-14]
You take 14 damage, and now have 18/79 hp.
You punch the manticore! You freeze the manticore.
You carefully extract the barbed spikes from your body.
The manticore bites you!!
You die...

Skill      XL: |  1  2  3  4  5  6  7  8  9 10 11 |
---------------+----------------------------------+-----
Transmutations | 2 3 4 5 6 8 9 10 | 10.0
Unarmed Combat | 3 4 5 6 7 |  7.3
Poison Magic   | 1 2 |  2.0
Spellcasting   | 3 4 5 6 7 |  7.1
Ice Magic      | 1 3 4 6 8 |  8.9
Fighting       | |  1.0
Dodging        | |  1.7

Action                     |  1- 3 |  4- 6 |  7- 9 | 10-12 || total
---------------------------+-------+-------+-------+-------++-------
  Melee: Unarmed           |   129 |   115 |   388 |   220 ||   852
         Headbutt          |    11 |     9 |     1 |       ||    21
         Punch             |     2 |     2 |     1 |       ||     5
         Kick              |    21 |    16 |    12 |       ||    49
   Cast: Beastly Appendage |    29 |    12 |     2 |       ||    43
         Spider Form       |       |     8 |    13 |       ||    21
         Wereblood         |       |     1 |    15 |     7 ||    23
         Ice Form          |       |       |    37 |    17 ||    54
 Invoke: Sacrifice Words   |       |       |     1 |       ||     1
         Sacrifice Stealth |       |       |     1 |       ||     1
         Draw Out Power    |       |       |       |     1 ||     1
         Sacrifice Durabil |       |       |       |     1 ||     1
Ability: End Transformatio |       |       |     1 |       ||     1
  Evoke: Wand              |       |       |     2 |     3 ||     5
    Use: Scroll            |     7 |     2 |     4 |     4 ||    17
         Potion            |       |     1 |     3 |     3 ||     7
   Stab: Sleeping          |     2 |       |       |       ||     2
         Distracted        |       |       |       |     1 ||     1
 Armour: Robe              |    19 |     6 |     4 |     2 ||    31
         Skin              |       |     1 |    57 |    73 ||   131
  Dodge: Dodged            |    84 |    73 |   215 |    62 ||   434
  Block: Other             |    19 |    24 |    72 |    44 ||   159
         Reflection        |       |     1 |     3 |     2 ||     6

Levels and vault maps discovered:
D:1:      spicycebolla_arrival_clurvy, layout_loops_ring, serial_forest,
          infiniplex_forest_straight_2, infiniplex_forest_straight_3,
          infiniplex_forest_lined_room_2, infiniplex_forest_clump_large,
          infiniplex_forest_zigzag_2, infiniplex_forest_zigzag_1,
          infiniplex_forest_clump_small
D:2:      layout_loops_ring, grunt_ministairs_1
D:3:      layout_basic, zin_purify, gammafunk_ghost_mausoleum, minivault_24
D:4:      layout_basic, gammafunk_ghost_smash
D:5:      layout_cave_pods, mainiacjoe_overflow_alcove_2
D:6:      minmay_goblin_kobold_castle, layout_loops_ring,
          nicolae_tso_swordbearing_angel, minmay_temple_entry_waves,
          uniq_sigmund, uniq_crazy_yiuf_cottage, uniq_grinder
D:7:      corexii_shack_village, layout_loops_corners,
          nicolae_uskayaw_murder_on_the_dancefloor
D:8:      layout_basic, xom_butterflies,
          mainiacjoe_overflow_concentric_impassable, mainiacjoe_overflow_paths,
          mainiacjoe_overflow_small_starburst, uniq_pikel
D:9:      layout_rooms, serial_rivers, chequers_serial_rivers_micro_b,
          chequers_serial_rivers_micro_d, chequers_serial_rivers_room_a,
          chequers_serial_rivers_small_3, chequers_serial_rivers_small_b,
          minmay_misc_feat_secret_circle, minmay_misc_feat_room
D:10:     layout_basic, hangedman_decor_riveting
D:11:     nicolae_hitomezashi [nicolae_hito_row, nicolae_hito_row,
          nicolae_hito_row, nicolae_hito_row, nicolae_hito_row,
          nicolae_hito_row, nicolae_hito_row, nicolae_hito_row,
          nicolae_hito_row, nicolae_hito_row, nicolae_hito_row,
          nicolae_hito_row, nicolae_hito_row, nicolae_hito_row,
          nicolae_hito_row, nicolae_hito_row, nicolae_hito_row,
          nicolae_hito_row], layout_stronghold, orc_0_dummy,
          minmay_misc_feat_square
Temple:   nicolae_temple_two_arcs

Notes
Turn   | Place    | Note
-------+----------+-------------------------------------------
     0 | D:1      | kae the Demonspawn Transmuter began the quest for the Orb.
     0 | D:1      | Reached XP level 1. HP: 15/15 MP: 3/3
     0 | D:1      | magus.rc [v1.11.3]
   113 | D:1      | Reached skill level 2 in Transmutations
   244 | D:1      | Gained mutation: You regenerate a little health from kills.
                  | [demonic ancestry]
   244 | D:1      | Reached XP level 2. HP: 20/21 MP: 3/5
   510 | D:1      | You pick up a book of the Senses and begin reading...
   510 | D:1      | You add the spells Dazzling Flash, Agony and Silence to
                  | your library.
   547 | D:1      | You pick up a book of Spectacle and begin reading...
   547 | D:1      | You add the spells Iskenderun's Mystic Blast and Starburst
                  | to your library.
   567 | D:1      | Reached skill level 3 in Unarmed Combat
   936 | D:2      | Reached XP level 3. HP: 21/26 MP: 4/6
   939 | D:2      | Learned a level 2 spell: Wereblood
   943 | D:2      | Learned a level 3 spell: Spider Form
  1536 | D:2      | Reached skill level 1 in Poison Magic
  1801 | D:3      | Found Zin's Purification Station.
  1949 | D:3      | Reached skill level 3 in Transmutations
  1949 | D:3      | Gained mutation: You regenerate health from kills. [demonic
                  | ancestry]
  1949 | D:3      | Reached XP level 4. HP: 30/32 MP: 5/7
  2247 | D:3      | HP: 3/32 [orc priest/nerve-wracking pain (9)]
  2260 | D:3      | Reached skill level 2 in Poison Magic
  2260 | D:3      | Gained mutation: You have large cloven feet. [demonic
                  | ancestry]
  2260 | D:3      | Reached XP level 5. HP: 36/37 MP: 9/9
  2313 | D:3      | Found a transporter.
  2315 | D:3      | Noticed a phantom
  2316 | D:3      | Noticed LowRida's ghost (amateur GnRe)
  2374 | D:3      | You pick up a book of Unlife and begin reading...
  2374 | D:3      | You add the spells Animate Dead, Borgnjor's Vile Clutch and
                  | Death Channel to your library.
  2379 | D:3      | Found a transporter.
  2619 | D:4      | Reached skill level 3 in Spellcasting
  2622 | D:4      | HP: 8/37 [poisoned by a scorpion]
  2627 | D:4      | HP: 5/37 [poisoned by a scorpion]
  2794 | D:4      | Found a transporter.
  2795 | D:4      | Noticed Zirion's ghost (weakling OgBe)
  2800 | D:4      | Found a transporter.
  2800 | D:4      | Identified the +4 giant club of Wialeoho {elec, rElec rF-
                  | rN+++ SInv}
  2800 | D:4      | Noticed an ogre
  2801 | D:4      | Noticed a phantom
  2820 | D:4      | Killed a phantom
  2821 | D:4      | Reached skill level 4 in Transmutations
  2821 | D:4      | Reached XP level 6. HP: 43/43 MP: 10/10
  3043 | D:4      | Learned a level 4 spell: Ice Form
  3184 | D:5      | Entered Level 5 of the Dungeon
  3287 | D:5      | Reached skill level 1 in Ice Magic
  3393 | D:5      | Reached skill level 4 in Unarmed Combat
  3410 | D:5      | Gained mutation: You are partially covered in slimy green
                  | scales. (AC +2) [demonic ancestry]
  3410 | D:5      | Reached XP level 7. HP: 44/48 MP: 12/12
  3443 | D:5      | Reached skill level 2 in Ice Magic
  3448 | D:5      | Reached skill level 5 in Transmutations
  3724 | D:5      | You pick up a book of Winter and begin reading...
  3724 | D:5      | You add the spells Ozocubu's Armour, Metabolic Englaciation
                  | and Simulacrum to your library.
  3880 | D:5      | Found an ornate altar of the Wu Jian Council.
  4059 | D:6      | Reached skill level 4 in Spellcasting
  4059 | D:6      | Reached skill level 3 in Ice Magic
  4170 | D:6      | Noticed Sigmund
  4205 | D:6      | Killed Sigmund
  4206 | D:6      | Gained mutation: You are mostly covered in slimy green
                  | scales. (AC +3) [demonic ancestry]
  4206 | D:6      | Reached XP level 8. HP: 32/54 MP: 14/14
  4299 | D:6      | Found a staircase to the Ecumenical Temple.
  4312 | Temple   | Entered the Ecumenical Temple
  4321 | Temple   | Became a worshipper of Ru the Awakened
  4601 | D:6      | Reached skill level 6 in Transmutations
  4601 | D:6      | Reached skill level 4 in Ice Magic
  4769 | D:6      | Noticed Grinder
  4793 | D:6      | Paralysed by Grinder for 2 turns
  4821 | D:6      | Killed Grinder
  4922 | D:6      | Reached skill level 5 in Unarmed Combat
  5444 | D:6      | Found a runed translucent door.
  5445 | D:6      | Noticed Crazy Yiuf
  5490 | D:6      | Gained mutation: You occasionally lose the ability to read
                  | scrolls when taking damage. [Ru sacrifice]
  5490 | D:6      | Gained mutation: You sometimes lose the ability to read
                  | scrolls when taking damage. [Ru sacrifice]
  5490 | D:6      | Reached * piety under Ru
  5582 | D:6      | HP: 13/64 [electric eel/bolt of electricity (9)]
  5631 | D:6      | HP: 11/64 [electric eel/bolt of electricity (12)]
  5633 | D:6      | HP: 5/64 [electric eel/bolt of electricity (7)]
  5888 | D:6      | Killed Crazy Yiuf
  6178 | D:7      | HP: 12/50 [wight/+4 halberd of freezing (4)]
  6181 | D:7      | Gained mutation: You are completely covered in slimy green
                  | scales. (AC +4, rPois) [demonic ancestry]
  6181 | D:7      | Reached XP level 9. HP: 16/46 MP: 16/16
  6197 | D:7      | Reached skill level 5 in Ice Magic
  6364 | D:7      | Reached skill level 5 in Spellcasting
  6419 | D:7      | Reached skill level 7 in Transmutations
  7057 | D:7      | Found a hide-covered altar of Uskayaw.
  7224 | D:8      | Found a shadowy altar of Dithmenos.
  7412 | D:8      | Found a shimmering blue altar of Sif Muna.
  7562 | D:8      | Found a sparkling altar of Nemelex Xobeh.
  7683 | D:8      | Found a shimmering altar of Xom.
  7775 | D:8      | Noticed Pikel
  7799 | D:8      | Killed Pikel
  7800 | D:8      | Reached skill level 6 in Ice Magic
  8048 | D:8      | You pick up a book of Necromancy and begin reading...
  8048 | D:8      | You add the spells Necrotise and Vampiric Draining to your
                  | library.
  8056 | D:8      | Gained mutation: You cannot be stealthy. [Ru sacrifice]
  8056 | D:8      | Reached ** piety under Ru
  8073 | D:8      | Reached skill level 8 in Transmutations
  8093 | D:8      | Reached skill level 6 in Unarmed Combat
  8442 | D:9      | Noticed a cyclops
  8457 | D:9      | Killed a cyclops
  8458 | D:9      | Reached XP level 10. HP: 34/65 MP: 18/18
  8575 | D:9      | Noticed a two-headed ogre
  8578 | D:9      | a two-headed ogre changed into a fire crab
  8578 | D:9      | Noticed a fire crab
  8580 | D:9      | a fire crab changed into a meliai
  8588 | D:9      | Reached skill level 6 in Spellcasting
  8588 | D:9      | Reached skill level 7 in Ice Magic
  8597 | D:9      | Noticed a two-headed ogre
  8603 | D:9      | Killed a two-headed ogre
  8795 | D:9      | Noticed a centaur warrior
  8811 | D:9      | HP: 16/78 [centaur warrior/arrow (24)]
  8812 | D:9      | Reached skill level 9 in Transmutations
  8818 | D:9      | Killed a centaur warrior
  8819 | D:9      | Reached skill level 8 in Ice Magic
  8820 | D:9      | HP: 18/78 [wyvern (11)]
  8828 | D:9      | HP: 10/78 [yak (12)]
  8840 | D:9      | HP: 19/78 [yak (9)]
  9311 | D:10     | Entered Level 10 of the Dungeon
  9373 | D:10     | Identified the +1 ring mail "Erai" {Harm rPois Int+2 SInv}
  9637 | D:10     | Reached skill level 7 in Unarmed Combat
  9637 | D:10     | Gained mutation: You have hoof-like feet. [demonic
                  | ancestry]
  9637 | D:10     | Reached XP level 11. HP: 48/70 MP: 21/21
  9718 | D:10     | Noticed a two-headed ogre
  9727 | D:10     | Killed a two-headed ogre
  9925 | D:10     | HP: 21/84 [something (4)]
 10562 | D:11     | Found a staircase to the Orcish Mines.
 10563 | D:11     | magus.rc [v1.11.3]
 10608 | D:11     | HP: 20/84 [something (4)]
 10613 | D:11     | HP: 15/84 [something (2)]
 10617 | D:11     | Reached skill level 7 in Spellcasting
 10831 | D:11     | Noticed a brown ugly thing
 10850 | D:11     | HP: 17/84 [acid (9)]
 10855 | D:11     | Killed a brown ugly thing
 10976 | D:11     | HP: 12/84 [something (26)]
 11298 | D:11     | Gained mutation: You cannot train Armour skill. [Ru
                  | sacrifice]
 11298 | D:11     | Reached *** piety under Ru
 11354 | D:11     | Reached skill level 10 in Transmutations
 11647 | D:11     | Found a staircase to the Lair.
 11679 | D:11     | HP: 19/84 [manticore (7)]
 11683 | D:11     | Slain by a manticore

Vanquished Creatures
  A centaur warrior (D:9)
  2 two-headed ogres
  Pikel (D:8)
  An ugly thing (D:11)
  A cyclops (D:9)
  3 unseen horrors
  A komodo dragon (D:11)
  A meliai (D:9)
  A hornet (D:8)
  Grinder (D:6)
  2 shadows (D:11)
  10 yaks
  Sigmund (D:6)
  A wyvern (D:9)
  3 water moccasins
  2 orc warriors
  2 ice beasts
  A black bear (D:5)
  2 ogres
  2 centaurs
  A phantom (D:4)
  2 kobold brigands
  2 bullfrogs
  2 necrophages
  2 scorpions
  8 wights
  6 killer bees (D:9)
  4 electric eels
  4 howler monkeys
  2 hounds (D:7)
  5 orc priests
  Crazy Yiuf (D:6)
  2 jellies
  A gnoll bouda (D:8)
  5 iguanas
  2 orc wizards
  6 adders
  19 gnolls
  2 white imps
  A worm (D:2)
  3 dart slugs
  21 orcs
  11 endoplasms
  2 giant cockroaches (D:1)
  30 goblins
  32 hobgoblins
  3 jackals (D:5)
  6 quokkas
  4 ball pythons
  5 bats
  2 frilled lizards
  19 kobolds
  4 rats
  A butterfly (D:1)
259 creatures vanquished.

Vanquished Creatures (others)
  4 plants
4 creatures vanquished.

Grand Total: 263 creatures vanquished

Table legend:
 A = Non-vault XP
 B = Vault XP
 C = Vault XP percentage of total XP
 D = Non-vault monster count
 E = Vault monster count
 F = Vault count percentage of total count
                 A         B        C        D         E       F
            +---------+---------+-------+---------+---------+-------
      Total |   13161 |    1455 |  10.0 |     185 |      73 |  28.3
            +---------+---------+-------+---------+---------+-------
        D:1 |      37 |       0 |   0.0 |      22 |       0 |   0.0
        D:2 |      48 |       4 |   7.7 |      19 |       2 |   9.5
        D:3 |     159 |       0 |   0.0 |      16 |       0 |   0.0
        D:4 |     270 |       0 |   0.0 |      17 |       0 |   0.0
        D:5 |     721 |       0 |   0.0 |      16 |       0 |   0.0
        D:6 |     612 |     754 |  55.2 |       9 |      58 |  86.6
        D:7 |     763 |      24 |   3.0 |      22 |      12 |  35.3
        D:8 |    1374 |     673 |  32.9 |      21 |       1 |   4.5
        D:9 |    4581 |       0 |   0.0 |      23 |       0 |   0.0
       D:10 |    2757 |       0 |   0.0 |      12 |       0 |   0.0
       D:11 |    1839 |       0 |   0.0 |       8 |       0 |   0.0
            +---------+---------+-------+---------+---------+-------

Illustrated notes

Table legend:
 A = Kills in this place as a percentage of kills in entire the game.
 B = Kills by you in this place as a percentage of kills by you in the entire game.
 C = Kills by friends in this place as a percentage of kills by friends in the entire game.
 D = Other kills in this place as a percentage of other kills in the entire game.
 E = Experience gained in this place as a percentage of experience gained in the entire game.
 F = Experience gained in this place divided by the number of levels of this place that you have seen.
                   A       B       C       D       E      F
               +-------+-------+-------+-------+-------+----------------------
         Total | 100.0 | 100.0 |   N/A |   N/A | 100.0 | 1218.0
       Dungeon | 100.0 | 100.0 |   N/A |   N/A | 100.0 | 1328.7
               +-------+-------+-------+-------+-------+----------------------

Table legend: (Time is in decaauts)
 A = Elapsed time spent in this place.
 B = Non-inter-level travel time spent in this place.
 C = Inter-level travel time spent in this place.
 D = Time resting spent in this place.
 E = Time spent auto-exploring this place.
 F = Levels seen in this place.
 G = Mean time per level.
                   A        B        C        D        E       F      G
               +--------+--------+--------+--------+--------+-----+--------+
         Total |  11592 |  11293 |    299 |    323 |   8933 |  12 |  966.0 |
       Dungeon |  11574 |  11283 |    291 |    323 |   8933 |  11 | 1052.2 |
        Temple |     17 |      9 |      8 |      0 |      0 |   1 |   17.0 |
               +--------+--------+--------+--------+--------+-----+--------+

Top non-repeatable levels by time:
     D:6: 1960 daAuts
    D:10: 1302 daAuts
     D:8: 1232 daAuts
     D:7: 1162 daAuts
    D:11: 1050 daAuts
     D:1: 924 daAuts
     D:9: 859 daAuts
     D:5: 835 daAuts
     D:2: 816 daAuts
     D:3: 725 daAuts
     D:4: 705 daAuts
  Temple: 17 daAuts
